 Dungeon Crawl Stone Soup version 0.29-a0-297-g7659ce593d (webtiles) character file.

Game seed: 343802723671221417

326 Dabor the Insei (level 6, -3/30 HPs)
             Began as a Vine Stalker Transmuter on Mar 21, 2022.
             Was a Believer of Ru.
             Slain by Grinder (6 damage)
             ... while paralysed by Grinder
             ... on level 4 of the Dungeon.
             The game lasted 00:07:05 (2950 turns).

Dabor the Insei (Vine Stalker Transmuter)           Turns: 2950, Time: 00:07:05

Health: -3/30      AC:  7    Str: 14    XL:     6   Next: 49%
Magic:  0/11       EV:  2    Int: 16    God:    Ru [**....]
Gold:   235        SH:  0    Dex: 20    Spells: 7/11 levels left

rFire   . . .      SeeInvis .   p - +5 mace "Mifacwo" {vorpal, rElec rPois rC+}
rCold   + . .      Faith    .   (no shield)
rNeg    . . .      Spirit   +   i - +4 leather armour of Misanthropy {Int+3 Dex+5}
rPois   +          Reflect  .   (helmet currently unavailable)
rElec   +          Harm     .   (no cloak)
rCorr   .          Rampage  .   (no gloves)
Will    .....                   (boots currently unavailable)
Stlth   +.........              (no amulet)
HPRegen 0.90/turn               (no ring)
MPRegen 0.12/turn               (no ring)

@: paralysed, appendages, wereblooded
A: horns 2, talons 2, fangs 2, regeneration 1, magic shield, antimagic bite, no
potion heal 2, hated by all
a: End Transformation, Renounce Religion


You were on level 4 of the Dungeon.
You worshipped Ru.
Ru was pleased with you.
You had temporarily grown beastly horns and talons.
You visited 1 branch of the dungeon, and saw 4 of its levels.

You collected 235 gold pieces.

Inventory:

Hand Weapons
 p - the +5 mace "Mifacwo" (weapon) {vorpal, rElec rPois rC+}
   (You found it on level 3 of the Dungeon)

   It inflicts extra damage upon your enemies.
   rC:        It protects you from cold.
   rElec:     It insulates you from electricity.
   rPois:     It protects you from poison.
Armour
 a - a +0 robe
 i - the +4 leather armour of Misanthropy (worn) {Int+3 Dex+5}
   (You found it on level 2 of the Dungeon)

   Int:       It affects your intelligence (+3).
   Dex:       It affects your dexterity (+5).
Scrolls
 c - 4 scrolls of magic mapping {unknown}
 h - a scroll of teleportation {unknown}
 m - a scroll of immolation {unknown}
 n - a scroll of summoning {unknown}
 o - a scroll of identify {unknown}
 r - a scroll of fog {unknown}
Potions
 b - a potion of lignification
 d - 2 potions of berserk rage {unknown}
 e - 2 potions of mutation {unknown}
 f - 2 potions of resistance {unknown}
 g - 2 potions of might {unknown}
 k - 2 potions of magic {unknown}
 q - a potion of attraction {unknown}


   Skills:
 + Level 2.2 Fighting
 + Level 2.4 Dodging
 + Level 3.9 Unarmed Combat
 + Level 3.1 Spellcasting
 + Level 1.9 Conjurations
 + Level 3.1 Transmutations
 - Level 2.0 Fire Magic


You had 7 spell levels left.
You knew the following spells:

 Your Spells              Type           Power      Damage    Failure   Level
a - Beastly Appendage     Tmut           24%        N/A       6%          1
b - Wereblood             Tmut           12%        N/A       10%         2
c - Foxfire               Conj/Fire      32%        2x1d5     11%         1

Your spell library contained the following spells:

 Spells                   Type           Power      Damage    Failure   Level
 Conjure Flame            Conj/Fire      8%         6-21      30%         3
 Spider Form              Tmut/Pois      7%         N/A       36%         3
 Inner Flame              Hex/Fire       5%         N/A       43%         3
 Flame Wave               Conj/Fire      8%         2d5       71%         4
 Ice Form                 Ice/Tmut       7%         N/A       77%         4


Dungeon Overview and Level Annotations

Branches:
Dungeon (4/15)
 Temple: D:4-7

Altars:
Ru

Shops:
D:4 (

Annotations:
D:4 Grinder


Innate Abilities, Weirdness & Mutations

You have temporarily grown beastly horns and talons.
You have extremely sharp teeth.
Your natural rate of healing is unusually fast.
When hurt, damage is shared between your health and your magic reserves.
Your bite disrupts and absorbs the magic of your enemies.
Potions cannot restore your health.
You are hated by all.


Message History

The iguana is almost dead.
The iguana bites you but does no damage.
The iguana closely misses you.
You hit the iguana but do no damage. Your bite misses the iguana.
The iguana is almost dead.
The iguana bites you!
You are too injured to fight recklessly!
You are too injured to fight recklessly!
You are too injured to fight recklessly!
You are too injured to fight recklessly!
Casting: Beastly Appendage (safe; 7% risk of failure)
Confirm with . or Enter, or press ? or * to list all spells.
You grow a pair of large bovine horns.
Your feet morph into talons.
The iguana closely misses you.
You hit the iguana.
You kill the iguana!
Grinder shouts!
Grinder blinks!
Casting: Beastly Appendage (safe; 6% risk of failure)
Confirm with . or Enter, or press ? or * to list all spells.
Your blood is infused with primal strength.
You redirect Grinder's attack!
You hit Grinder but do no damage. You claw Grinder.
Grinder is lightly wounded.
Grinder hits you.
You writhe in agony.
You focus your inner power and illuminate Grinder in retribution!
An ufetubus comes into view.
Grinder gestures at you.
You suddenly lose the ability to move!
Grinder begins to attack, but is stunned by your conviction!
The ufetubus shouts!
Grinder hits you.
You writhe in agony.
* * * LOW HITPOINT WARNING * * *
Grinder gestures at you. Pain shoots through your body!
* * * LOW HITPOINT WARNING * * *
Grinder hits you.
* * * LOW HITPOINT WARNING * * *
You writhe in agony.
You die...

.... #.......#..... ....
#.###.#.###### ...##
.#..........#
...##.#.#.#.###.## #...
#.#.#.....##
#..###.#......#..
#....†....###.#.#
..######<.....#....#.#.#
.....!5@#..######....#.#
.###...5..†........#.#.#
###............ ....#
###.......... #####
###.####### $. ... ##.#
..## ... #.# .. . # #.


You could see Grinder (corona) and an ufetubus.

Vanquished Creatures
  An ogre (D:4)
  A hound (D:4)
  2 iguanas (D:4)
  4 gnolls (D:2)
  4 adders
  A white imp (D:4)
  An ufetubus (D:4)
  4 worms (D:2)
  A dart slug (D:2)
  6 ball pythons
  2 endoplasms
  5 giant cockroaches
  7 goblins
  7 hobgoblins
  8 kobolds
  5 quokkas (D:2)
  2 bats
  4 frilled lizards
  5 rats
70 creatures vanquished.

Vanquished Creatures (others)
  11 foxfires (D:2)
11 creatures vanquished.

Grand Total: 81 creatures vanquished

Notes
Turn   | Place    | Note
-------+----------+-------------------------------------------
     0 | D:1      | Dabor the Vine Stalker Transmuter began the quest for the
                  | Orb.
     0 | D:1      | Reached XP level 1. HP: 9/9 MP: 4/4
    98 | D:1      | Reached skill level 1 in Fighting
   120 | D:1      | Reached XP level 2. HP: 14/14 MP: 6/6
   137 | D:1      | Learned a level 2 spell: Wereblood
   149 | D:1      | Learned a level 1 spell: Foxfire
   440 | D:1      | Found a faded altar of an unknown god.
   475 | D:1      | Prayed at the altar of an unknown god.
   475 | D:1      | Became a worshipper of Ru the Awakened
   493 | D:1      | Gained mutation: You are hated by all. [Ru sacrifice]
   493 | D:1      | Reached * piety under Ru
   493 | D:1      | Reached ** piety under Ru
   691 | D:2      | Identified the +4 leather armour of Misanthropy {Int+3
                  | Dex+5}
   733 | D:2      | Reached XP level 3. HP: 16/18 MP: 2/7
  1387 | D:2      | Gained mutation: Your natural rate of healing is unusually
                  | fast. [Vine Stalker growth]
  1387 | D:2      | Reached XP level 4. HP: 1/22 MP: 1/8
  1463 | D:2      | Reached skill level 1 in Fire Magic
  1468 | D:2      | Reached skill level 1 in Conjurations
  1658 | D:3      | Reached XP level 5. HP: 26/26 MP: 8/10
  2101 | D:3      | Identified the +5 mace "Mifacwo" {vorpal, rElec rPois rC+}
  2340 | D:4      | Found Puelij's Weapon Emporium.
  2602 | D:4      | Noticed Grinder
  2606 | D:4      | Paralysed by Grinder for 7 turns
  2733 | D:4      | Noticed an ogre
  2740 | D:4      | HP: 1/26 [ogre/+0 giant spiked club (15)]
  2744 | D:4      | Killed an ogre
  2745 | D:4      | Reached XP level 6. HP: 9/30 MP: 6/11
  2946 | D:4      | Paralysed by Grinder for 7 turns
  2950 | D:4      | Slain by Grinder

Illustrated notes

Levels and vault maps discovered:
D:1:      wander_arrival_peaceful_grave, layout_basic,
          hellmonk_ecumenical_altar_pennies_from_heaven
D:2:      layout_loops_ring, chequers_serial_rivers_micro_c, minivault_19
D:3:      layout_loops_ring, serial_glass, glass_columns_b, glass_columns_a,
          minmay_strange_pillars, minmay_strange_pillars, amethyst_killhole
D:4:      layout_basic, serial_shops, nicolae_shop_hallway_plus, minmay_unequal,
          uniq_grinder

Skill      XL: |  1  2  3  4  5 |
---------------+----------------+-----
Fighting       | 1 2 |  2.2
Dodging        | 2 |  2.4
Fire Magic     | 1 2 |  2.0
Conjurations   | 1 |  1.9
Spellcasting   | 3 |  3.1
Transmutations | 3 |  3.1
Unarmed Combat | |  3.9

Action                   |  1- 3 |  4- 6 || total
-------------------------+-------+-------++-------
Melee: Unarmed           |    82 |    44 ||   126
       Bite              |    20 |    26 ||    46
       Kick              |    10 |    18 ||    28
       Headbutt          |     8 |    11 ||    19
       Punch             |       |     2 ||     2
       Mace              |       |    41 ||    41
 Cast: Foxfire           |     8 |     1 ||     9
       Beastly Appendage |     7 |    16 ||    23
       Wereblood         |     2 |     9 ||    11
Invok: Sacrifice Love    |     1 |       ||     1
       Reject Sacrifices |       |     1 ||     1
  Use: Scroll            |       |     2 ||     2
 Stab: Sleeping          |     2 |     2 ||     4
       Distracted        |     1 |       ||     1
       Invisible         |       |     1 ||     1
Armor: Robe              |    12 |       ||    12
       Leather armour    |     6 |    30 ||    36
Dodge: Dodged            |    30 |    47 ||    77

Table legend: (Time is in decaauts)
 A = Elapsed time spent in this place.
 B = Non-inter-level travel time spent in this place.
 C = Inter-level travel time spent in this place.
 D = Time resting spent in this place.
 E = Time spent auto-exploring this place.
 F = Levels seen in this place.
 G = Mean time per level.
                   A        B        C        D        E       F      G
               +--------+--------+--------+--------+--------+-----+--------+
         Total |   2961 |   2914 |     47 |     91 |   2132 |   4 |  740.2 |
       Dungeon |   2961 |   2914 |     47 |     91 |   2132 |   4 |  740.2 |
               +--------+--------+--------+--------+--------+-----+--------+

Top non-repeatable levels by time:
     D:2: 992 daAuts
     D:4: 690 daAuts
     D:3: 684 daAuts
     D:1: 595 daAuts
